 Dungeon Crawl Stone Soup version 0.29.1-1-gd02db6906a (webtiles) character file.

Game seed: 12119223592969414407

45 Ovid the Firebug (level 3, -4/24 HPs)
             Began as a Human Fire Elementalist on Sept 17, 2022.
             Splashed by a jelly's acid (6 damage)
             ... on level 4 of the Dungeon.
             The game lasted 00:03:16 (543 turns).

Ovid the Firebug (Human Fire Elementalist)           Turns: 543, Time: 00:03:17

Health: -4/24      AC:  2    Str: 10    XL:     3   Next: 90%
Magic:  6/6        EV: 12    Int: 15    God:
Gold:   33         SH:  0    Dex: 13    Spells: 3/6 levels left

rFire   . . .      SeeInvis .   (no weapon)
rCold   . . .      Faith    .   (no shield)
rNeg    . . .      Spirit   .   a - +0 robe
rPois   .          Reflect  .   (no helmet)
rElec   .          Harm     .   (no cloak)
rCorr   .          Rampage  .   (no gloves)
Will    +....                   (no boots)
Stlth   ++........              (no amulet)
HPRegen 0.08/turn               i - ring of willpower
MPRegen 0.10/turn               (no ring)

@: no status effects
A: no striking features
a: no special abilities


You were on level 4 of the Dungeon.
You visited 1 branch of the dungeon, and saw 4 of its levels.

You collected 33 gold pieces.

Inventory:

Missiles
 h - 5 atropa-tipped darts (quivered)
Armour
 a - a +0 robe (worn)
Jewellery
 i - a ring of willpower (left hand)
 k - a ring of willpower
Wands
 j - a wand of iceblast (5)
Scrolls
 e - 3 scrolls of identify
 f - a scroll of teleportation
 g - a scroll of butterflies
Potions
 b - a potion of magic
 c - 2 potions of attraction {unknown}
 d - 2 potions of degeneration {unknown}


   Skills:
 * Level 0.7 Throwing
 * Level 2.1 Dodging
 * Level 2.1 Stealth
 * Level 2.4 Spellcasting
 * Level 1.3 Conjurations
 * Level 3.7 Fire Magic


You had 3 spell levels left.
You knew the following spells:

 Your Spells              Type           Power      Damage    Failure   Level
a - Foxfire               Conj/Fire      36%        2x1d5     8%          1
b - Scorch                Fire           26%        2d6       7%          2

Your spell library contained the following spells:

 Spells                   Type           Power      Damage    Failure   Level
 Conjure Flame            Conj/Fire      9%         6-21      22%         3
 Inner Flame              Hex/Fire       7%         N/A       30%         3
 Flame Wave               Conj/Fire      9%         2d6       58%         4


Dungeon Overview and Level Annotations

Branches:
Dungeon (4/15)
 Temple: D:4-7

Altars:


Message History

An adder comes into view.
Found a stone staircase leading down.
The adder hisses angrily.
You enter the shallow water.
Moving in this stuff is going to be slow.
The adder bites you.
Casting: Scorch (safe; 7% risk of failure)
Confirm with . or Enter, or press ? or * to list all spells.
Flames lash the adder.
The adder is almost dead.
The adder's fire resistance burns away.
The adder is engulfed in a cloud of scalding steam.
You kill the adder!
You see here an adder corpse.
You now have 33 gold pieces (gained 4).
Found a blackened copper wand.
Found a stone staircase leading up.
j - a wand of iceblast (5)
Found a ring of willpower.
Found a bubbling pink potion.
Found a trident.
An endoplasm and a jelly come into view.
You see here a ring of willpower.
k - a ring of willpower The jelly quivers.
The jelly attacks as you move away! The jelly barely misses you.
The jelly attacks as you move away! The jelly closely misses you.
The jelly attacks as you move away! The jelly hits you but does no damage.
The jelly attacks as you move away! The jelly hits you but does no damage.
The jelly attacks as you move away! The jelly barely misses you.
The jelly hits you.
You are splashed with acid!
The jelly attacks as you move away! The jelly hits you.
You are splashed with acid!
* * * LOW HITPOINT WARNING * * *
The jelly attacks as you move away! The jelly hits you but does no damage.
Okay, then.
The jelly attacks as you move away! The jelly hits you.
* * * LOW HITPOINT WARNING * * *
You are splashed with acid.
You die...

#.......# #...##..##...
#....#..# ....#### #
#....#..# #.#....#
~~####8..8#..###.#.##.#
≈~~~~#8..8#.........#.##
≈≈≈≈~~~..~........#..>.#
~≈≈≈≈≈≈J.~~~.###....#..#
~~~~≈≈≈@.≈≈~~~~..#<##..#
...~~~~..≈≈≈≈≈~~~)~....~
######~..~~≈≈≈≈≈≈≈~~~~~~
#.8..8~~~~≈≈≈≈≈≈≈≈≈≈
#.8..8#.#~~~~~≈≈≈≈≈≈
#.....#.#####†~~~~~~
#.....#.............
#....###...##.######
#.######...##.######


You could see a jelly.

Vanquished Creatures
  An orc wizard (D:4)
  An adder (D:4)
  3 orcs
  A ball python (D:3)
  An endoplasm (D:1)
  A kobold (D:4)
  A frilled lizard (D:3)
  A rat (D:3)
10 creatures vanquished.

Vanquished Creatures (others)
  13 foxfires
13 creatures vanquished.

Grand Total: 23 creatures vanquished

Notes
Turn   | Place    | Note
-------+----------+-------------------------------------------
     0 | D:1      | Ovid the Human Fire Elementalist began the quest for the
                  | Orb.
     0 | D:1      | Reached XP level 1. HP: 13/13 MP: 3/3
   247 | D:3      | Found a faded altar of an unknown god.
   318 | D:3      | Reached XP level 2. HP: 17/19 MP: 3/5
   321 | D:3      | Learned a level 2 spell: Scorch
   421 | D:4      | Reached XP level 3. HP: 24/24 MP: 2/6
   543 | D:4      | Splashed by a jelly's acid

Illustrated notes

Levels and vault maps discovered:
D:1:      tarquinn_simple_flora_water_a, layout_loops_cross, serial_forest,
          infiniplex_forest_clump_medium, infiniplex_forest_end_1,
          infiniplex_forest_straight_2, infiniplex_forest_straight_4,
          infiniplex_forest_straight_2, infiniplex_forest_clump_diagonal,
          infiniplex_forest_lined_ring, infiniplex_forest_corner_1
D:2:      layout_loops_ring, basic_altar, item_on_display_a
D:3:      layout_basic, hellmonk_ecumenical_altar_arch_garden,
          grunt_ministairs_2, chequers_mini_garden
D:4:      wander_river, layout_loops_ring, minmay_temple_entry_drinking_statues

Action                   || total
-------------------------++-------
Throw: Dart              ||     1
 Cast: Foxfire           ||     8
       Scorch            ||     4
  Use: Scroll            ||     2
Armor: Robe              ||     4
Dodge: Dodged            ||     9
